 Dungeon Crawl Stone Soup version 0.31.0-9-g3a7656b989 (webtiles) character file.

Game seed: 12578251762468769515

196 qw the Skirmisher (level 5, -1/29 HPs)
             Began as a Deep Elf Hunter on Feb 2, 2024.
             Slain by Grinder (5 damage)
             ... on level 4 of the Dungeon.
             The game lasted 00:00:08 (2516 turns).

qw the Skirmisher (Deep Elf Hunter)                 Turns: 2516, Time: 00:00:09

Health: -1/29      AC:  3    Str:  7 (8)  XL:     5   Next: 45%
Magic:  7/7        EV: 13    Int: 11 (12) God:
Gold:   217        SH:  0    Dex: 26      Spells: 4/4 levels left

rFire   . . .        a - +0 shortbow
rCold   . . .        (shield currently unavailable)
rNeg    . . .        c - +0 leather armour
rPois   .            (no helmet)
rElec   .            (no cloak)
rCorr   .            (no gloves)
SInv    .            (no boots)
Will    .....        (no amulet)
Stlth   ++           (no ring)
HPRegen 0.24/turn    (no ring)
MPRegen 0.10/turn

%: no passive effects
@: no status effects
A: agile 2, subdued magic 1, noise suppression
a: no special abilities


You were on level 4 of the Dungeon.
You visited 1 branch of the dungeon, and saw 4 of its levels.

You collected 217 gold pieces.


Innate Abilities, Weirdness & Mutations

You are very agile. (Dex +8, Str/Int -2)
Your spells are a little easier to cast, but a little less powerful.
You passively dampen the noise of your surroundings.


   Skills:
 - Level 1.5 Fighting
 + Level 8.7 Ranged Weapons
 - Level 3.0 Dodging
 - Level 1.2 Stealth


You had 4 spell levels left.
You didn't know any spells.
Your spell library was empty.

Inventory:

Hand Weapons
 a - a +0 shortbow (weapon)
Armour
 b - a +0 ring mail
 c - a +0 leather armour (worn)
Jewellery
 i - a ring of fire
Potions
 e - a potion of mutation
 h - a potion of might {unknown}
 j - a potion of curing {unknown}

Dungeon Overview and Level Annotations

Branches:
Dungeon (4/15)
 Temple: D:4-7

Altars:
Cheibriados
Elyvilon
Fedhas
Ru
Zin

Annotations:
D:4 Grinder


Message History

Aiming: Iceblast
Press: ? - help, Q - select action, (/) - cycle Shift-Dir - straight line, f - Grinder The mass of ice explodes!
The iceblast engulfs Grinder!
Grinder partially resists.
Grinder is moderately wounded.
Grinder gestures at you.
You suddenly lose the ability to move!
Grinder gestures at you.
You shrug off the repeated paralysis!
You can move again.
2510 ||| ZAPPING wand of iceblast (2) at -3,-2 (Grinder; floor).
Aiming: Iceblast
Press: ? - help, Q - select action, (/) - cycle Shift-Dir - straight line, f/p - Grinder The mass of ice explodes!
The iceblast engulfs Grinder.
Grinder partially resists.
Grinder is moderately wounded.
2511 ||| ZAPPING wand of iceblast (1) at -2,-1 (Grinder; floor).
Aiming: Iceblast
Press: ? - help, Q - select action, (/) - cycle Shift-Dir - straight line, f/p - Grinder The mass of ice explodes!
The iceblast engulfs Grinder.
Grinder partially resists.
Grinder is heavily wounded.
The now-empty wand crumbles to dust.
Grinder says, "Mostly I couldn't keep them alive."
You shoot an arrow. The arrow barely misses Grinder.
Grinder misses you.
You shoot an arrow. The arrow hits Grinder.
Grinder is heavily wounded.
Grinder hits you.
You shoot an arrow. The arrow hits Grinder.
Grinder is heavily wounded.
Grinder closely misses you.
You shoot an arrow. The arrow barely misses Grinder.
Grinder gestures at you. Pain shoots through your body!
You shoot an arrow. The arrow hits Grinder.
Grinder is severely wounded.
Grinder hits you.
You writhe in agony.
You die...
Grinder says, "Now the real fun starts!"

##.## #...# #.#
##(## # #.# #.# ##
#+# #.# .## ...
#.# #.# ....
#.####### .##
.....#####.......#
..####
.................#
.....+
......5@.........#
..####
.......###.......#
.## .....#.
##......# .# ....
#$ ##.#.### .# ...
#. .#.# .# #+ ##
##.# .# ..


You could see Grinder.

Vanquished Creatures
  An orc priest (D:3)
  An iguana (D:3)
  An orc wizard (D:4)
  3 adders (D:3)
  A ribbon worm (D:3)
  2 dart slugs (D:1)
  6 orcs
  7 endoplasms
  3 giant cockroaches
  4 goblins
  6 hobgoblins
  10 jackals
  2 quokkas (D:4)
  4 ball pythons
  5 bats
  A frilled lizard (D:1)
  6 kobolds
  9 rats
  A spectral goblin (D:1)
73 creatures vanquished.

Notes
Turn   | Place    | Note
-------+----------+-------------------------------------------
     0 | D:1      | qw the Deep Elf Hunter began the quest for the Orb.
     0 | D:1      | Reached XP level 1. HP: 12/12 MP: 3/3
     0 | D:1      | 0 ||| qw: Version: 0.3-a-155-g5e7d8dd
     0 | D:1      | 0 ||| qw: Game counter: 1119
     0 | D:1      | 0 ||| qw: Melee chars always use a shield: true
     0 | D:1      | 0 ||| qw: God list: Okawaru
     0 | D:1      | 0 ||| qw: Allow faded altars: false
     0 | D:1      | 0 ||| qw: Do Orc after clearing Dungeon:15 true
     0 | D:1      | 0 ||| qw: Do second Lair branch before Depths: true
     0 | D:1      | 0 ||| qw: Lair rune preference: random
     0 | D:1      | 0 ||| qw: Goals: Normal
     0 | D:1      | 0 ||| PLANNING D:1-11
   236 | D:1      | Reached XP level 2. HP: 13/16 MP: 4/4
   237 | D:1      | Reached skill level 6 in Ranged Weapons
   403 | D:1      | Found a faded altar of an unknown god.
   535 | D:1      | Reached XP level 3. HP: 20/20 MP: 5/5
   701 | D:1      | 701 ||| DRINKING 2 viscous pink potions.
   702 | D:1      | 702 ||| DRINKING 2 red potions.
   702 | D:1      | Gained mutation: You are agile. (Dex +4, Str/Int -1)
                  | [potion of mutation]
   702 | D:1      | Gained mutation: Your spells are a little easier to cast,
                  | but a little less powerful. [potion of mutation]
   702 | D:1      | Gained mutation: You passively dampen the noise of your
                  | surroundings. [potion of mutation]
   702 | D:1      | Gained mutation: You are very agile. (Dex +8, Str/Int -2)
                  | [potion of mutation]
   703 | D:1      | 703 ||| DRINKING 2 yellow potions.
   704 | D:1      | 704 ||| DROPPING scroll of butterflies.
   705 | D:1      | 705 ||| DROPPING potion of magic.
   706 | D:1      | 706 ||| DROPPING potion of degeneration.
   962 | D:2      | Reached skill level 7 in Ranged Weapons
  1020 | D:2      | Found a blossoming altar of Fedhas.
  1356 | D:2      | 1356 ||| DROPPING ring of flight.
  1357 | D:2      | 1357 ||| READING scroll labelled NURPHI VAQOSK.
  1362 | D:2      | 1362 ||| DRINKING 2 sapphire potions.
  1363 | D:2      | 1363 ||| DRINKING 2 sedimented yellow potions.
  1364 | D:2      | 1364 ||| DROPPING potion of brilliance.
  1402 | D:3      | Found a snail-covered altar of Cheibriados.
  1403 | D:3      | Found a sacrificial altar of Ru.
  1512 | D:3      | Reached skill level 3 in Dodging
  1538 | D:3      | Reached XP level 4. HP: 24/25 MP: 6/6
  1617 | D:3      | Found a glowing silver altar of Zin.
  1677 | D:3      | HP: 1/25 [iguana (13)]
  1678 | D:3      | 1678 ||| DRINKING potion of heal wounds.
  1682 | D:3      | Reached skill level 8 in Ranged Weapons
  1683 | D:3      | Reached XP level 5. HP: 11/29 MP: 7/7
  1807 | D:3      | Found a white marble altar of Elyvilon.
  1810 | D:3      | Found a blossoming altar of Fedhas.
  2251 | D:3      | 2251 ||| READING scroll labelled UNYAXK ZYGHUSI.
  2251 | D:3      | 2251 ||| IDENTIFYING fizzy grey potion
  2252 | D:3      | 2252 ||| DROPPING potion of lignification.
  2310 | D:4      | 2310 ||| STAIRDANCE
  2315 | D:4      | 2315 ||| STAIRDANCE
  2505 | D:4      | Noticed Grinder
  2506 | D:4      | 2506 ||| ZAPPING wand of iceblast (3) at -5,-4 (Grinder;
                  | floor).
  2506 | D:4      | Paralysed by Grinder for 4 turns
  2510 | D:4      | 2510 ||| ZAPPING wand of iceblast (2) at -3,-2 (Grinder;
                  | floor).
  2511 | D:4      | 2511 ||| ZAPPING wand of iceblast (1) at -2,-1 (Grinder;
                  | floor).
  2515 | D:4      | HP: 6/29 [Grinder/nerve-wracking pain (13)]
  2516 | D:4      | Slain by Grinder

Levels and vault maps discovered:
D:1:      kilobyte_arrival_exit_the_forest, layout_rooms,
          dreamdust_ecumenical_altar_drowned_temple
D:2:      layout_loops_cross, basic_altar
D:3:      layout_basic, mainiacjoe_overflow_alcove_2, minitemple,
          chequers_temple_overflow_statue_of_worship, serial_forest,
          infiniplex_forest_clump_long, infiniplex_forest_clump_curved,
          infiniplex_forest_lined_room_2, infiniplex_forest_clump_medium,
          infiniplex_forest_end_2, infiniplex_forest_clump_double,
          infiniplex_forest_clump_cross, infiniplex_forest_corner_2
D:4:      layout_loops_corners, grunt_dithmenos_smoke,
          nemelex_xobeh_ov_fountains_minmay, uniq_grinder

Skill      XL: |  1  2  3  4 |
---------------+-------------+-----
Ranged Weapons | 6 7 8 |  8.7
Dodging        | 3 |  3.0
Fighting       | |  1.5
Stealth        | |  1.2

Action                     |  1- 3 |  4- 6 || total
---------------------------+-------+-------++-------
   Fire: Shortbow          |   110 |    79 ||   189
  Evoke: Wand              |       |     3 ||     3
    Use: Potion            |     5 |     1 ||     6
         Scroll            |     1 |     1 ||     2
 Armour: Leather armour    |    24 |     8 ||    32
  Dodge: Dodged            |    19 |    20 ||    39

Table legend:
 A = Non-vault XP
 B = Vault XP
 C = Vault XP percentage of total XP
 D = Non-vault monster count
 E = Vault monster count
 F = Vault count percentage of total count
                 A         B        C        D         E       F
            +---------+---------+-------+---------+---------+-------
      Total |     279 |       1 |   0.4 |      72 |       1 |   1.4
            +---------+---------+-------+---------+---------+-------
        D:1 |      49 |       1 |   2.0 |      29 |       1 |   3.3
        D:2 |      15 |       0 |   0.0 |       9 |       0 |   0.0
        D:3 |     160 |       0 |   0.0 |      24 |       0 |   0.0
        D:4 |      55 |       0 |   0.0 |      10 |       0 |   0.0
            +---------+---------+-------+---------+---------+-------
